 Dungeon Crawl Stone Soup version 0.31.0-11-ge490571c62 (webtiles) character file.

Game seed: 8193389445036010362

770 Gadfly the Ducker (level 7, 0/78 HPs)
             Began as a Demonspawn Shapeshifter on Jan 27, 2024.
             Was an Initiate of Ru.
             Slain by an orc warrior
             ... wielding a +0 long sword
              (9 damage)
             ... on level 6 of the Dungeon.
             The game lasted 00:06:36 (5298 turns).

Gadfly the Ducker (Demonspawn Shapeshifter)         Turns: 5298, Time: 00:06:37

Health: 0/78       AC: 23    Str: 16    XL:     7   Next: 53%
Magic:  7/7        EV:  2    Int: 10    God:    Ru [......]
Gold:   105        SH:  0    Dex: 13    Spells: 6/6 levels left

rFire   . .          .
                       - Unarmed
rCold   + + .        (no shield)
rNeg    . . .        a - melded +0 animal skin
rPois   +            (helmet currently unavailable)
rElec   .            n - melded +0 cloak
rCorr   .            (gloves unavailable)
SInv    .            w - melded +0 pair of boots
Will    .....        (no amulet)
Stlth   +            f - ring of protection from cold
HPRegen 0.33/turn    r - ring of protection from cold
MPRegen 0.10/turn

%: no passive effects
@: tree-form
A: stationary, stasis, torment immunity, boosted hp, (slimy green scales 2),
(spiny 1), (demonic touch 3)
a: Renounce Religion


You were on level 6 of the Dungeon.
You worshipped Ru.
Ru was noncommittal.
You were a tree.
You visited 2 branches of the dungeon, and saw 7 of its levels.

You collected 209 gold pieces.
You spent 104 gold pieces at shops.

Inventory:

Hand Weapons
 b - a +4 dagger of venom
Missiles
 g - 4 throwing nets
Armour
 a - a +0 animal skin (melded)
 n - a +0 cloak (melded)
 w - a +0 pair of boots (melded)
Jewellery
 f - a ring of protection from cold (left branch)
 r - a ring of protection from cold (right branch)
Talismans
 c - a beast talisman (active)
 d - a flux talisman
Wands
 h - a wand of polymorph (15) (quivered)
Scrolls
 e - 3 scrolls of brand weapon
 i - 4 scrolls of identify
 l - a scroll of revelation
 q - a scroll of immolation
Potions
 j - a potion of might
 k - 2 potions of curing
 m - 2 potions of enlightenment
 p - a potion of cancellation
 s - a potion of attraction
 t - a potion of heal wounds


   Skills:
 * Level 3.3 Fighting
 + Level 4.2 Dodging
 * Level 4.0 Unarmed Combat
 + Level 4.1 Evocations
 * Level 3.6 Shapeshifting


You had 6 spell levels left.
You didn't know any spells.
Your spell library contained the following spells:

 Spells                   Type           Power      Damage    Failure   Level
 Sublimation of Blood     Necr           0%         N/A       50%         2
 Petrify                  Alch/Erth      0%         N/A       98%         4
 Irradiate                Conj/Alch      0%         3d11      100%        5
 Iskenderun's Battlesphe  Conj           0%         2d6       100%        5
 Bombard                  Conj/Erth      0%         9d1       100%        6
 Spellforged Servitor     Conj/Summ      0%         N/A       100%        7


Dungeon Overview and Level Annotations

Branches:
Dungeon (6/15)             Temple (1/1) D:5

Altars:
Ashenzari
Cheibriados
Dithmenos
Gozag
Hepliaklqana
Kikubaaqudgha
Okawaru
Ru
Sif Muna
Uskayaw
Vehumet
Wu Jian
Yredelemnul

Shops:
D:4 **   D:5 [


Innate Abilities, Weirdness & Mutations

You are a tree.
Your roots penetrate the ground, keeping you stationary.
You cannot be teleported.
You are immune to unholy pain and torment.
Your maximum health is greatly increased.
Your equipment is partially melded.
((You are mostly covered in slimy green scales. (AC +3)))
((You are partially covered in sharp spines.))
((Your touch may irresistibly damage your foes and sap their willpower.))


Message History

The gnoll barely misses you.
The orc warrior hits you with a +0 long sword!
Unknown command.
You see here a +0 morningstar.
The orc warrior attacks as it pursues you!
The orc warrior hits you with a +0 long sword!
The gnoll attacks as it pursues you!
The gnoll hits you from afar with a +0 spear!
The orc warrior attacks as it pursues you!
The orc warrior hits you with a +0 long sword.
* * * LOW HITPOINT WARNING * * *
You hit the orc warrior but do no damage.
You punch the orc warrior.
The orc warrior is lightly wounded.
The orc warrior closely misses you.
You hit the orc warrior but do no damage.
The gnoll barely misses you. The orc warrior barely misses you.
You feel better.
The gnoll hits you from afar with a +0 spear.
The orc warrior hits you with a +0 long sword!
* * * LOW HITPOINT WARNING * * *
Your transformation has ended.
Your +0 cloak unmelds from your body.
Your +0 pair of boots unmelds from your body.
You turn into a tree.
Your +0 cloak melds into your body.
Your +0 pair of boots melds into your body.
Your +0 animal skin melds into your body.
Your roots penetrate the ground.
The gnoll hits you from afar with a +0 spear.
* * * LOW HITPOINT WARNING * * *
The orc warrior barely misses you.
You smack the orc warrior!
The orc warrior is moderately wounded.
The gnoll hits you but does no damage.
The orc warrior hits you but does no damage.
You hit the orc warrior but do no damage.
The orc warrior is moderately wounded.
The gnoll hits you but does no damage.
The orc warrior hits you with a +0 long sword!
You die...

#.# # #.# #. #.# #.. #†#
#.# #.# #..## #.# #...####
#.# ...###...o####### #.#
#......)5go♣...###### #.#
...###...5#####......###.#
#...#### ##.........#
#..## #......#### #.#
#......# #.. #.....## #.
#.....# # .........
..........


You could see 2 orc warriors, a gnoll, a white imp and a shadow imp.

Vanquished Creatures
  Grinder (D:4)
  A sky beast (D:6)
  3 howler monkeys
  2 hounds
  Crazy Yiuf (D:2)
  2 sleepcaps
  An iguana (D:5)
  Natasha (thrice) (D:2)
  5 adders
  4 ufetubi (D:3)
  2 ribbon worms
  2 dart slugs
  2 orcs (D:3)
  6 ball pythons
  10 endoplasms
  9 giant cockroaches
  4 hobgoblins
  4 kobolds
  4 quokkas
  A bat (D:3)
  A frilled lizard (D:3)
  8 goblins
  2 rats
78 creatures vanquished.

Notes
Turn   | Place    | Note
-------+----------+-------------------------------------------
     0 | D:1      | Gadfly the Demonspawn Shapeshifter began the quest for the
                  | Orb.
     0 | D:1      | Reached XP level 1. HP: 15/15 MP: 1/1
   140 | D:1      | Gained mutation: Your touch may inflict minor irresistible
                  | damage on your foes. [demonic ancestry]
   140 | D:1      | Reached XP level 2. HP: 7/21 MP: 2/2
   367 | D:1      | Found a faded altar of an unknown god.
   475 | D:1      | Reached skill level 1 in Evocations
  1053 | D:2      | Gained mutation: Your touch may inflict irresistible damage
                  | on your foes. [demonic ancestry]
  1053 | D:2      | Reached XP level 3. HP: 20/26 MP: 3/3
  1241 | D:2      | Noticed Natasha
  1249 | D:2      | Killed Natasha
  1364 | D:2      | Noticed Natasha
  1367 | D:2      | Killed Natasha
  1368 | D:2      | Gained mutation: Your touch may irresistibly damage your
                  | foes and sap their willpower. [demonic ancestry]
  1368 | D:2      | Reached XP level 4. HP: 33/33 MP: 4/4
  1828 | D:2      | Found a runed translucent door.
  1829 | D:2      | Noticed Crazy Yiuf
  2256 | D:2      | Killed Crazy Yiuf
  2528 | D:2      | Noticed Natasha
  2539 | D:2      | Killed Natasha
  2540 | D:2      | Gained mutation: You are partially covered in slimy green
                  | scales. (AC +2) [demonic ancestry]
  2540 | D:2      | Reached XP level 5. HP: 34/38 MP: 5/5
  3345 | D:4      | Noticed Grinder
  3359 | D:4      | Killed Grinder
  3360 | D:4      | Gained mutation: You are mostly covered in slimy green
                  | scales. (AC +3) [demonic ancestry]
  3360 | D:4      | Reached XP level 6. HP: 23/46 MP: 6/6
  3742 | D:4      | Found a sacrificial altar of Ru.
  3742 | D:4      | Found an opulent altar of Gozag.
  3750 | D:4      | Found a shadowy altar of Dithmenos.
  3752 | D:4      | Became a worshipper of Ru the Awakened
  3757 | D:4      | Found a faded altar of an unknown god.
  4031 | D:4      | Found Gedoscho's General Store.
  4033 | D:4      | Found Loetuidgh's Specific Store.
  4041 | D:4      | Bought a scroll of identify for 22 gold pieces
  4041 | D:4      | Bought a scroll of revelation for 82 gold pieces
  4125 | D:5      | Entered Level 5 of the Dungeon
  4299 | D:5      | Found a staircase to the Ecumenical Temple.
  4315 | Temple   | Entered the Ecumenical Temple
  4415 | D:5      | Gained mutation: You are partially covered in sharp spines.
                  | [demonic ancestry]
  4415 | D:5      | Reached XP level 7. HP: 51/52 MP: 7/7
  4476 | D:5      | Found Nudevog's Antique Armour Shoppe.
  5298 | D:6      | Slain by an orc warrior

Illustrated notes

Levels and vault maps discovered:
D:1:      psy_arrival_basics, layout_basic,
          hellmonk_ecumenical_altar_leap_of_faith, minmay_misc_feat_chi,
          minmay_worlds_worst_comb
D:2:      layout_basic, uniq_crazy_yiuf_cottage, uniq_natasha
D:3:      minmay_spotlight, layout_rooms
D:4:      layout_loops_ring, chequers_temple_overflow_minitemple,
          nicolae_specific_store, uniq_grinder
D:5:      layout_basic, minmay_temple_entry_purple_smoke, serial_shops,
          nicolae_shop_pleasant_corner_grove
D:6:      minmay_general_purpose_star, layout_basic
Temple:   grunt_temple_mini_profane

Skill      XL: |  1  2  3  4  5  6  7 |
---------------+----------------------+-----
Dodging        | 2 3 4 |  4.2
Evocations     | 1 2 3 4 |  4.1
Unarmed Combat | 3 4 |  4.0
Fighting       | 2 3 |  3.3
Shapeshifting  | 3 |  3.6

Action                     |  1- 3 |  4- 6 |  7- 9 || total
---------------------------+-------+-------+-------++-------
  Melee: Unarmed           |    61 |   137 |    27 ||   225
         Touch             |    10 |    24 |     2 ||    36
         Punch             |       |     3 |     1 ||     4
Ability: Begin Untransform |     1 |     1 |     1 ||     3
    Use: Scroll            |       |    13 |     2 ||    15
         Potion            |       |     1 |     2 ||     3
   Stab: Sleeping          |     3 |     1 |       ||     4
 Armour: Animal skin       |    22 |    69 |    16 ||   107
         Skin              |       |     5 |     5 ||    10
  Dodge: Dodged            |    34 |   102 |    19 ||   155
   Form: Beast             |     1 |     1 |     1 ||     3
